 Dungeon Crawl Stone Soup version bcrawl-1.27.6 (webtiles) character file.

Game seed: 3576104911202605936

206101 Krehm the Covert (level 8, -1/76 HPs)
             Began as a Naga Sloth Apostle on Oct 3, 2020.
             Was a Believer of Cheibriados.
             Slain by a bullfrog zombie (10 damage)
             ... on level 5 of the Dungeon.
             The game lasted 00:20:04 (5085 turns).

Krehm the Covert (Naga Sloth Apostle)               Turns: 5085, Time: 00:20:05

Health: -1/76      AC:  6    Str: 22    XL:     8   Next: 17%
Magic:  9/9        EV:  6    Int: 18    God:    Cheibriados [**....]
Gold:   313        SH:  9    Dex: 18    Spells: 8/9 levels left

rFire    . . .     SeeInvis +   h - +0 dagger
rCold    . . .     Gourm    .   c - +0 medium shield
rNeg     . . .     Faith    .   b - +0 robe
rPois    +         Spirit   .   B - +1 hat
rElec    .         Reflect  .   r - +1 cloak {rPois}
rCorr    .         Harm     .   (no gloves)
MR       +....                  (no barding)
Stlth    +++++.....             (no amulet)
HPRegen  0.22/turn              (no ring)
MPRegen  0.11/turn              (no ring)

@: very slow
A: large, see invisible, deformed body, poison resistance, slowness 2, slow
metabolism 1, spit poison 1, AC +2
a: Spit Poison, Bend Time, Renounce Religion


You were on level 5 of the Dungeon.
You worshipped Cheibriados.
Cheibriados was pleased with you.
You were hungry.

You visited 1 branch of the dungeon, and saw 5 of its levels.

You collected 313 gold pieces.

Inventory:

Hand Weapons
 h - a +0 dagger (weapon)
 p - a +0 hunting sling of velocity
Missiles
 a - a throwing net {=f}
 q - 474 sling bullets
 u - 70 poisoned tomahawks (quivered)
Armour
 b - a +0 robe (worn)
 c - a +0 medium shield (worn)
 r - a +1 cloak of poison resistance (worn)
 B - a +1 hat (worn)
Jewellery
 C - an uncursed ring of fire
Wands
 d - a wand of paralysis (1)
 n - a wand of flame (17)
 o - a wand of polymorph (11)
 w - a wand of scattershot (1)
 A - a wand of iceblast (5)
Scrolls
 f - 2 scrolls of fear
 i - 4 scrolls of teleportation
 l - a scroll of enchant weapon
 s - 2 scrolls of fog {unknown}
 x - a scroll of amnesia {unknown}
 y - a scroll of identify
Potions
 g - a potion of invisibility
 k - 3 potions of curing
 m - a potion of heal wounds {unknown}
 t - a potion of mutation {unknown}
 v - a potion of ambrosia {unknown}
 z - a potion of cancellation {unknown}
Comestibles
 e - 8 rations {!d}


   Skills:
 + Level 6.2 Fighting
 + Level 2.2(2.6) Short Blades
   Level 2.0(2.5) Long Blades
 + Level 10.4 Stealth
 - Level 1.5 Shields
 - Level 1.0 Spellcasting
 - Level 1.0 Hexes
 + Level 2.4 Invocations
 - Level 1.0 Evocations


You had 8 spell levels left.
You knew the following spells:

 Your Spells              Type           Power        Failure   Level  Hunger
a - Slow                  Hex            #.......     67%         1    None
Your spell library was empty.

Dungeon Overview and Level Annotations

Branches:
Dungeon (5/12)
 Temple: D:4-7

Altars:
Ashenzari
Makhleb

Shops:
D:4 [


Innate Abilities, Weirdness & Mutations

You cannot wear boots.
Your serpentine skin is tough. (AC +2)
You have supernaturally acute eyesight. (SInv)
Armour fits poorly on your strangely shaped body.
Your system is resistant to poisons. (rPois)
You cover ground very slowly.
You have a slow metabolism.
You can spit poison.


Message History

You block the bullfrog zombie's attack. The bullfrog zombie hits you.
* * * LOW HITPOINT WARNING * * *
The bullfrog zombie hits you but does no damage.
The bullfrog zombie hits you!
* * * LOW HITPOINT WARNING * * *
You see here a sky beast corpse.
You hit the bullfrog zombie.
The bullfrog zombie is moderately damaged.
The bullfrog zombie barely misses you. The bullfrog zombie hits you.
* * * LOW HITPOINT WARNING * * *
You barely miss the bullfrog zombie.
The bullfrog zombie is moderately damaged.
The bullfrog zombie hits you but does no damage.
Throwing (i - inventory. (/) - cycle)
u - 71 poisoned tomahawks (quivered)
Press: ? - help, Shift-Dir - straight line, f - bullfrog zombie
Aim: a bullfrog zombie (moderately damaged)
You throw a poisoned tomahawk.
The poisoned tomahawk completely misses the bullfrog zombie.
The bullfrog zombie hits you!
You die...

###..#.#
##.............._
.....#.#
#.........##....
.....#.#
#.........#.....
##...#.#
#.........#...#.
..#..#.#
#..........#
⌠.#..#
###..........##
..#.##
..'...........##.
##≈.#
.##.....Z........
..#
#......@...#..##
≈ ..#
#.######...##.#
##≈.# #. #...# #
#.# # #...# #...#
....S........#
.............'.
.............##
.(...........+


You could see a bullfrog zombie.

Vanquished Creatures
  Sigmund (D:3)
  2 sky beasts
  An ice beast (D:5)
  An ogre (D:5)
  A crimson imp (D:5)
  A bullfrog zombie (D:5)
  Crazy Yiuf (D:3)
  A hound (D:5)
  A bullfrog skeleton (D:4)
  A jelly (D:5)
  Natasha (D:3)
  Ijyb (D:3)
  4 worker ants
  9 adders
  3 adder skeletons (D:4)
  3 worms
  A dart slug (D:4)
  2 leopard geckos
  5 orcs (D:3)
  4 giant cockroaches
  2 goblins
  3 hobgoblins
  4 jackals (D:2)
  2 kobolds
  6 quokkas
  6 bats
  A frilled lizard (D:5)
  A jackal skeleton (D:4)
  7 rats
76 creatures vanquished.

Notes
Turn   | Place    | Note
-------+----------+-------------------------------------------
     0 | D:1      | Krehm the Naga Sloth Apostle began the quest for the Orb.
     0 | D:1      | Reached XP level 1. HP: 19/19 MP: 2/2
   200 | D:1      | Reached skill level 5 in Stealth
   821 | D:2      | Reached XP level 2. HP: 14/27 MP: 3/3
  1143 | D:2      | Reached XP level 3. HP: 33/33 MP: 4/4
  1405 | D:2      | Reached skill level 6 in Stealth
  1672 | D:2      | Reached * piety under Cheibriados
  2334 | D:3      | Noticed Natasha
  2345 | D:3      | Noticed Sigmund
  2346 | D:3      | Killed Natasha
  2346 | D:3      | Reached XP level 4. HP: 42/42 MP: 5/5
  2353 | D:3      | Killed Sigmund
  2353 | D:3      | Reached skill level 7 in Stealth
  2353 | D:3      | Reached XP level 5. HP: 51/51 MP: 6/6
  2375 | D:3      | Noticed Ijyb
  2379 | D:3      | Killed Ijyb
  2379 | D:3      | Reached skill level 8 in Stealth
  2379 | D:3      | Reached XP level 6. HP: 58/58 MP: 7/7
  2380 | D:3      | Found a runed door.
  2386 | D:3      | Noticed Crazy Yiuf
  2392 | D:3      | Killed Crazy Yiuf
  2720 | D:3      | Reached ** piety under Cheibriados
  2890 | D:3      | Found a shattered altar of Ashenzari.
  3103 | D:4      | Found Usum Utuest's Antique Armour Emporium.
  3121 | D:4      | Reached skill level 5 in Fighting
  3567 | D:4      | Reached skill level 9 in Stealth
  3972 | D:4      | Noticed a sky beast
  3993 | D:4      | Killed a sky beast
  3993 | D:4      | Reached XP level 7. HP: 23/67 MP: 8/8
  4236 | D:5      | Entered Level 5 of the Dungeon
  4594 | D:5      | Reached skill level 1 in Short Blades
  4594 | D:5      | Reached skill level 1 in Invocations
  4894 | D:5      | Reached skill level 10 in Stealth
  5004 | D:5      | Reached XP level 8. HP: 58/76 MP: 9/9
  5046 | D:5      | Found a burning altar of Makhleb.
  5085 | D:5      | Slain by a bullfrog zombie

Skill      XL: |  1  2  3  4  5  6  7  8 |
---------------+-------------------------+-----
Stealth        | 5 6 7 8 9 10 | 10.4
Fighting       | 3 4 5 6 |  6.2
Short Blades   | 1 2 |  2.2
Invocations    | 2 |  2.4
Long Blades    | |  2.0
Shields        | |  1.5
Spellcasting   | |  1.0
Hexes          | |  1.0
Evocations     | |  1.0

Action                   |  1- 3 |  4- 6 |  7- 9 || total
-------------------------+-------+-------+-------++-------
Melee: Dagger            |   118 |   124 |   126 ||   368
       Falchion          |    11 |       |       ||    11
 Fire: Hunting sling     |       |     6 |     6 ||    12
Throw: Tomahawk          |       |     2 |     9 ||    11
 Abil: Spit Poison       |       |     2 |     5 ||     7
Evoke: Wand              |     4 |     5 |     1 ||    10
  Use: Scroll            |     2 |     4 |     1 ||     7
 Stab: Sleeping          |    13 |     9 |     4 ||    26
       Paralysed         |     3 |     2 |       ||     5
  Eat: Chunk             |     7 |     5 |     2 ||    14
       Ration            |       |       |     1 ||     1
Armor: Robe              |    23 |    36 |    42 ||   101
Dodge: Dodged            |    34 |    24 |    37 ||    95
Block: Medium shield     |    45 |    41 |    65 ||   151
